 Dungeon Crawl Stone Soup version 0.28-a0-1447-ga5a8893891 (webtiles) character file.

Game seed: 14659249117058196033

103 bande the Skirmisher (level 4, -1/29 HPs)
             Began as a Gargoyle Fighter on Jan 12, 2022.
             Slain by Terence (8 damage)
             ... on level 1 of the Dungeon.
             The game lasted 00:02:57 (2038 turns).

bande the Skirmisher (Gargoyle Fighter)             Turns: 2038, Time: 00:02:57

Health: -1/29      AC: 13    Str: 20    XL:     4   Next: 79%
Magic:  4/4        EV:  9    Int:  8    God:
Gold:   113        SH:  4    Dex: 11    Spells: 3/3 levels left

rFire   . . .      SeeInvis .   a - +1 war axe
rCold   . . .      Faith    .   c - +0 buckler
rNeg    + . .      Spirit   .   b - +0 scale mail
rPois   ∞          Reflect  .   j - +0 helmet
rElec   +          Harm     .   (no cloak)
rCorr   .          Rampage  .   (no gloves)
Will    .....                   (no boots)
Stlth   ..........              (no amulet)
HPRegen 0.09/turn               (no ring)
MPRegen 0.09/turn               (no ring)

@: no status effects
A: sickness immunity, AC +3, negative energy resistance 1, electricity
resistance, torment resistance 1, petrification resistance, talons 1, iridescent
scales 1, mutation resistance 1
a: no special abilities


You were on level 1 of the Dungeon.
You visited 1 branch of the dungeon, and saw 2 of its levels.

You collected 113 gold pieces.

Inventory:

Hand Weapons
 a - a +1 war axe (weapon)
 i - a +0 morningstar
Armour
 b - a +0 scale mail (worn)
 c - a +0 buckler (worn)
 j - a +0 helmet (worn)
Scrolls
 g - a scroll of summoning
Potions
 d - a potion of might
 f - 2 potions of magic
 h - a potion of brilliance {unknown}


   Skills:
 + Level 3.9 Fighting
 + Level 3.2 Axes
 + Level 3.7 Armour
 - Level 0.4 Dodging
 + Level 3.7 Shields


You had 3 spell levels left.
You didn't know any spells.
Your spell library contained the following spells:

 Spells                   Type           Power      Damage    Failure   Level
 Sting                    Tmut/Pois      0%         1d3       85%         1


Dungeon Overview and Level Annotations

Branches:
Dungeon (2/15)

Altars:

Annotations:
D:1 Terence


Innate Abilities, Weirdness & Mutations

You are immune to sickness and miasma.
Your stone body is resilient. (AC +3)
You are immune to poison.
You resist negative energy. (rN+)
You are resistant to electric shocks. (rElec)
You are resistant to unholy torment.
You are immune to petrification.
You have sharp toenails.
You are partially covered in iridescent scales. (AC +2)
You are somewhat resistant to further mutation.


Message History

You kill the orc!
You hit Terence but do no damage.
Terence hits you with a +5 short sword of protection.
The orc wizard casts a spell.
The orc wizard flickers and vanishes!
Terence hits you but does no damage.
You barely miss the orc. You hit Terence but do no damage.
The orc hits you but does no damage.
Terence hits you with a +5 short sword of protection.
The orc barely misses you.
Unknown command.
You barely miss the orc. You barely miss Terence.
Terence hits you with a +5 short sword of protection!
The orc closely misses you.
You barely miss the orc. You closely miss Terence.
Terence hits you with a +5 short sword of protection.
The orc hits you with a +0 club.
Terence hits you with a +5 short sword of protection.
* * * LOW HITPOINT WARNING * * *
The orc misses you.
Unknown command.
Unknown command.
You feel better.
Terence hits you with a +5 short sword of protection!
* * * LOW HITPOINT WARNING * * *
Terence hits you but does no damage.
Terence screams, "I'm going to kill you!"
You see here a worm corpse.
There is a stone staircase leading up here.
Terence hits you but does no damage.
You climb upwards.
Reactivating autopickup.
There is a stone staircase leading down here.
You barely miss Terence. Your kick misses Terence.
Terence hits you with a +5 short sword of protection.
* * * LOW HITPOINT WARNING * * *
You hit Terence but do no damage. You claw Terence.
Terence is lightly wounded.
Terence misses you.
Terence hits you with a +5 short sword of protection!
You die...

##(##.#........#......#
.#.##.#.....##.#.####.#
##.##.#.....##.#.# #.#
##.##.#.....##...# #.#
...##.#.....###..####.#
#####.#............##.#
......#.....##...#.##.#
(.........P#....@..##.#
....###...#.##^.@...#.#
###.##...#.#P.^.###.#.#
..#.##..#.#P##..# #.#.#
#.#.##..#.#P#P..# #.#.#
#.#.###.#.#P#_^.###.#.#
#.#.# #.#.#.#.^.....#.#
....# #.#.#.##^.#####.#
..#.# #..#.#........#.#
###.#
#...#.##..###.#.#####


You could see Terence.

Vanquished Creatures
  Natasha (D:2)
  A hound skeleton (D:2)
  Robin (D:2)
  An adder (D:2)
  A worm (D:2)
  A dart slug (D:1)
  An orc (D:2)
  A ball python (D:1)
  2 bats
  An endoplasm (D:1)
  A giant cockroach (D:1)
  6 goblins
  4 hobgoblins
  7 jackals
  A quokka (D:1)
  A frilled lizard (D:2)
  3 kobolds (D:1)
  2 rats
36 creatures vanquished.

Notes
Turn   | Place    | Note
-------+----------+-------------------------------------------
     0 | D:1      | bande the Gargoyle Fighter began the quest for the Orb.
     0 | D:1      | Reached XP level 1. HP: 14/14 MP: 1/1
   207 | D:1      | Reached XP level 2. HP: 11/19 MP: 2/2
   617 | D:1      | Found a faded altar of an unknown god.
   625 | D:1      | Got Plato's Guide on Intoxication
  1123 | D:2      | Reached XP level 3. HP: 22/24 MP: 3/3
  1297 | D:2      | Noticed Natasha
  1307 | D:2      | Killed Natasha
  1542 | D:2      | Reached XP level 4. HP: 22/29 MP: 4/4
  1648 | D:2      | Noticed Robin
  1655 | D:2      | Killed Robin
  1938 | D:2      | Gained mutation: You have sharp toenails. [potion of
                  | mutation]
  1938 | D:2      | Gained mutation: You are somewhat resistant to further
                  | mutation. [potion of mutation]
  1938 | D:2      | Gained mutation: You are partially covered in iridescent
                  | scales. (AC +2) [potion of mutation]
  1996 | D:2      | Noticed Terence
  2038 | D:1      | Slain by Terence

Illustrated notes

Levels and vault maps discovered:
D:1:      scummos_arrival_simple_fountains, layout_basic,
          shapermc_ecumenical_altar_rom_forum
D:2:      layout_rooms, nrook_mini_backslash, serial_bayou_pond_d, uniq_terence,
          uniq_natasha, uniq_robin

Skill      XL: |  1  2  3  4 |
---------------+-------------+-----
Axes           | 2 3 |  3.2
Fighting       | |  3.9
Armour         | |  3.7
Dodging        | |  0.4
Shields        | |  3.7

Action                   |  1- 3 |  4- 6 || total
-------------------------+-------+-------++-------
Melee: War axe           |    71 |    30 ||   101
       Kick              |       |     3 ||     3
  Use: Scroll            |     3 |     3 ||     6
       Potion            |       |     2 ||     2
Armor: Scale mail        |    57 |    22 ||    79
Dodge: Dodged            |    48 |    12 ||    60
Block: Buckler           |    19 |     4 ||    23

Table legend: (Time is in decaauts)
 A = Elapsed time spent in this place.
 B = Non-inter-level travel time spent in this place.
 C = Inter-level travel time spent in this place.
 D = Time resting spent in this place.
 E = Time spent auto-exploring this place.
 F = Levels seen in this place.
 G = Mean time per level.
                   A        B        C        D        E       F      G
               +--------+--------+--------+--------+--------+-----+--------+
         Total |   2095 |   2095 |      0 |    888 |    881 |   2 | 1047.5 |
       Dungeon |   2095 |   2095 |      0 |    888 |    881 |   2 | 1047.5 |
               +--------+--------+--------+--------+--------+-----+--------+

Top non-repeatable levels by time:
     D:1: 1091 daAuts
     D:2: 1003 daAuts
